 Dungeon Crawl Stone Soup version 0.31-a0-180-g519b7de00c (webtiles) character file.

Game seed: 16781135565787930895

28 qw the Shield-Bearer (level 3, -5/23 HPs)
             Began as a Gargoyle Fighter on June 20, 2023.
             Killed from afar by an orc wizard (10 damage)
             ... with a magic dart
             ... on level 3 of the Dungeon.
             The game lasted 00:00:32 (2032 turns).

qw the Shield-Bearer (Gargoyle Fighter)             Turns: 2032, Time: 00:00:33

Health: -5/23      AC: 14    Str: 21    XL:     3   Next: 12%
Magic:  3/3        EV:  5    Int:  8    God:
Gold:   127        SH:  4    Dex:  9    Spells: 2/2 levels left

rFire   . . .        Y - +0 war axe
rCold   . . .        c - +0 buckler
rNeg    + . .        h - +0 plate armour
rPois   inf          (no helmet)
rElec   +            (no cloak)
rCorr   .            (no gloves)
SInv    .            (no boots)
Will    .....        (no amulet) Stlth
                     (no ring)
HPRegen 0.23/turn    (no ring)
MPRegen 0.08/turn

%: no passive effects
@: no status effects
A: sickness immunity, AC +3, negative energy resistance 1, electricity
resistance, torment resistance 1, petrification resistance
a: no special abilities


You were on level 3 of the Dungeon.
You visited 1 branch of the dungeon, and saw 3 of its levels.

You collected 127 gold pieces.


Innate Abilities, Weirdness & Mutations

You are immune to sickness and miasma.
Your stone body is resilient. (AC +3)
You are immune to poison.
You resist negative energy. (rN+)
You are resistant to electric shocks. (rElec)
You are resistant to unholy torment.
You are immune to petrification.


   Skills:
 - Level 3.2 Fighting
 + Level 3.2 Axes
 - Level 3.2 Armour
 - Level 3.2 Shields


You had 2 spell levels left.
You didn't know any spells.
Your spell library was empty.

Inventory:

Hand Weapons
 e - a +0 mace
 Y - a +0 war axe (weapon)
Armour
 c - a +0 buckler (worn)
 h - a +0 plate armour (worn)
Scrolls
 a - a scroll of identify
Potions
 b - a potion of berserk rage {unknown}
 d - a potion of might
 f - a potion of brilliance {unknown}
 j - a potion of haste

Dungeon Overview and Level Annotations

Branches:
Dungeon (3/15)

Altars:
Qazlal

Annotations:
D:3 1 runed translucent door, Crazy Yiuf


Message History

You hit the orc.
The orc is lightly wounded.
The orc completely misses you. The orc hits you but does no damage.
The orc barely misses you.
An orc comes into view. It is wielding a +0 short sword.
The orc wizard points at you and mumbles some strange words.
The magic dart hits you.
You slash the orc!
You kill the orc!
You hit the orc. You closely miss the kobold.
The orc wizard hits you from afar with a +0 trident.
The kobold hits you but does no damage.
The orc hits you from afar with a +0 trident!
You have reached level 3!
Your experience leads to an increase in your attributes!
Increase (S)trength, (I)ntelligence, or (D)exterity?
You feel stronger. x2
You closely miss the orc.
The orc is almost dead.
You slash the kobold!
You kill the kobold!
You block the orc's attack. x2
The orc wizard hits you from afar with a +0 trident.
The orc wizard hits you but does no damage.
The orc hits you from afar with a +0 trident.
The orc barely misses you.
You hit the orc.
You kill the orc!
The orc hits you from afar with a +0 trident.
The orc wizard points at you and mumbles some strange words.
You are confused.
2031 ||| DRINKING potion of curing.
You feel better.
2031 ||| (to cure confusion)
The orc hits you but does no damage. The orc wizard barely misses you.
You slash the orc!
You kill the orc!
The orc hits you from afar with a +0 trident.
The orc wizard casts a spell at you. The magic dart hits you!
You die...

..#.#.#..^.##.###.####
..#.###...^^¤.###.#
...¤.^^^..~~.~....#
......¤._......##.# #
..#.^.¤~.^.~^.#..<#.# #
..#^^.~.¤..#.~..###.#.#
..#~^#~^..##^~....o...#
..#.^^^^.^#.#^..).o.###.
..##.~^~.^~.~..>@)......
..######.........)......
..# #########........
..# #.####### ..# #.#
### #.# #.# #.#


You could see an orc wizard and an orc.

Vanquished Creatures
  A dart slug (D:3)
  3 orcs (D:3)
  2 endoplasms (D:1)
  4 goblins
  3 hobgoblins
  2 jackals (D:3)
  2 frilled lizards (D:2)
  3 kobolds
  3 rats
23 creatures vanquished.

Notes
Turn   | Place    | Note
-------+----------+-------------------------------------------
     0 | D:1      | qw the Gargoyle Fighter began the quest for the Orb.
     0 | D:1      | Reached XP level 1. HP: 14/14 MP: 1/1
     0 | D:1      | 0 ||| qw: Version: 0.3-a-9-g12657ce
     0 | D:1      | 0 ||| qw: Game counter: 1165
     0 | D:1      | 0 ||| qw: Always use a shield: true
     0 | D:1      | 0 ||| qw: God list: Okawaru
     0 | D:1      | 0 ||| qw: Allow faded altars: false
     0 | D:1      | 0 ||| qw: Do Orc after D:15 true
     0 | D:1      | 0 ||| qw: Do second Lair branch before Depths: true
     0 | D:1      | 0 ||| qw: Lair rune preference: random
     0 | D:1      | 0 ||| qw: Plans: Normal, Zot:1-4, Slime:5, God:TSO, Crypt,
                  | Tomb, Abyss, Pan, Hells, Win
     0 | D:1      | 0 ||| PLANNING D:1-11
   693 | D:1      | Reached XP level 2. HP: 19/19 MP: 2/2
   778 | D:1      | 778 ||| READING 2 scrolls labelled NYRGHY MOUBBO IBA.
   779 | D:1      | 779 ||| READING scroll labelled HUKKURIEGI.
   792 | D:1      | 792 ||| READING scroll labelled YRAKHA BOFEOMM.
   793 | D:1      | 793 ||| READING scroll labelled SEINYM ADOU.
   794 | D:1      | 794 ||| READING scroll labelled DEMMEG BUESCH.
   795 | D:1      | 795 ||| READING scroll labelled BIKEFO MESYE.
   849 | D:2      | 849 ||| DROPPING +0 club.
  1156 | D:2      | 1156 ||| Stepping ~*~*~tactically~*~*~ (hiding).
  1157 | D:2      | 1157 ||| Stepping ~*~*~tactically~*~*~ (hiding).
  1686 | D:2      | 1686 ||| UPGRADING to +0 plate armour.
  1696 | D:2      | 1696 ||| DROPPING +0 scale mail.
  1697 | D:2      | 1697 ||| READING scroll labelled XUNIPN SYEBE.
  1698 | D:2      | 1698 ||| DRINKING 2 dark potions.
  1699 | D:2      | 1699 ||| READING 3 scrolls of identify.
  1699 | D:2      | 1699 ||| IDENTIFYING fizzy inky potion
  1700 | D:2      | 1700 ||| READING 2 scrolls of identify.
  1700 | D:2      | 1700 ||| IDENTIFYING sapphire potion
  1701 | D:2      | 1701 ||| DROPPING potion of invisibility.
  1741 | D:3      | Found a stormy altar of Qazlal.
  1917 | D:3      | Reached skill level 3 in Axes
  1940 | D:3      | Found a runed translucent door.
  1941 | D:3      | Noticed Crazy Yiuf
  2029 | D:3      | Reached XP level 3. HP: 6/23 MP: 3/3
  2029 | D:3      | HP: 4/23 [orc wizard/+0 trident (2)]
  2031 | D:3      | 2031 ||| DRINKING potion of curing.
  2031 | D:3      | 2031 ||| (to cure confusion)
  2032 | D:3      | Killed from afar by an orc wizard

Levels and vault maps discovered:
D:1:      denvon_arrival_planthouse, layout_basic
D:2:      layout_loops_corners
D:3:      layout_basic, grunt_qazlal_sundering, serial_bayou_pond_b,
          minmay_misc_feat_diagonals, amethyst_killhole, uniq_ijyb,
          uniq_crazy_yiuf_cottage, uniq_grinder

Skill      XL: |  1  2 |
---------------+-------+-----
Axes           | 2 3 |  3.2
Fighting       | |  3.2
Armour         | |  3.2
Shields        | |  3.2

Action                     || total
---------------------------++-------
  Melee: War axe           ||    64
    Use: Scroll            ||     9
         Potion            ||     2
 Armour: Scale mail        ||    24
         Plate armour      ||    13
  Dodge: Dodged            ||    23
  Block: Buckler           ||     9

Table legend:
 A = Non-vault XP
 B = Vault XP
 C = Vault XP percentage of total XP
 D = Non-vault monster count
 E = Vault monster count
 F = Vault count percentage of total count
                 A         B        C        D         E       F
            +---------+---------+-------+---------+---------+-------
      Total |      39 |       4 |   9.3 |      22 |       1 |   4.3
            +---------+---------+-------+---------+---------+-------
        D:1 |      11 |       0 |   0.0 |       7 |       0 |   0.0
        D:2 |       7 |       0 |   0.0 |       5 |       0 |   0.0
        D:3 |      21 |       4 |  16.0 |      10 |       1 |   9.1
            +---------+---------+-------+---------+---------+-------
